[Event "Late-Titled-Tuesday-Blitz-March-19-2024"]
[Site "Chess.com"]
[Date "2024.03.19"]
[Round "11"]
[White "Fandorine"]
[Black "Goryachkina"]
[Result "1-0"]
[WhiteElo "2931"]
[BlackElo "2680"]
[TimeControl "180+1"]
[EndTime "16:05:25 PDT"]
[Termination "Fandorine won by resignation"]

1. d4 Nf6 2. c4 e6 3. Nc3 Bb4 4. e3 O-O 5. Bd3 d5 6. a3 Bxc3+ 7. bxc3 dxc4 8. Bxc4 c5 9. Ne2 Nc6 10. f4 b6 11. O-O Bb7 12. Ng3 Rc8 13. Bd3 Nd5 14.
Bd2 cxd4 15. cxd4 f5 16. Qe1 Qd7 17. Rd1 Nce7 18. h3 Nf6 19. Bb4 Rfe8 20. Kh2 Ned5 21.
e4 fxe4 22. Nxe4 Nxe4 23. Qxe4 Nf6 24. Qe5 Qd5 25. Rf2 Bc6 26. Re1 a5 27. Bd2 Rcd8 28.
Qxd5 Nxd5 29. f5 exf5 30. Bxf5 Rxe1 31. Bxe1 Bd7 32. Bd3 b5 33. Bxa5 Ra8 34. Be4 Be6 35.
Bb6 g6 36. Bc5 Kg7 37. Rb2 Rd8 38. Rxb5 Nf6 39. Rb7+ Rd7 40. Bc6 Rxb7 41. Bxb7 Bd5 42. Bxd5 Nxd5 43. a4 Nc7 44. a5 Kf6 45. Bb6 Na6 46.
Kg3 Ke6 47. Kg4 Kf6 48. Kf4 h6 49. d5 1-0

[Event "Late-Titled-Tuesday-Blitz-March-19-2024"]
[Site "Chess.com"]
[Date "2024.03.19"]
[Round "11"]
[White "VitaliyBernadskiy"]
[Black "DanielNaroditsky"]
[Result "0-1"]
[WhiteElo "2900"]
[BlackElo "3160"]
[TimeControl "180+1"]
[EndTime "16:05:27 PDT"]
[Termination "DanielNaroditsky won on time"]

1. e4 c5 2. Nf3 d6 3. d4 cxd4 4. Nxd4 Nf6 5. Nc3 a6 6. Bd3 Nc6 7. Nxc6 bxc6 8. b3 g6 9. Bb2 Bg7 10. O-O O-O 11. Na4 Qc7 12. Kh1 d5 13. exd5 Ng4 14.
g3 Bxb2 15. Nxb2 cxd5 16. Be2 Nf6 17. Bf3 Bh3 18. Re1 e5 19. c4 e4 20. Bg2 Bxg2+ 21.
Kxg2 Qe5 22. Nd3 Qf5 23. Nf4 dxc4 24. bxc4 Rad8 25. Qe2 g5 26. Nd5 Nxd5 27. cxd5 Rfe8 28. Rad1 Rxd5 29. Rxd5 Qxd5 30. Rd1 Qf5 31. Rd6 a5 32. Qe3 Kg7 33. Rc6 Re5 34. Qc3 f6 35. Rc7+ Kh6 36.
Qe3 Rd5 37. Re7 Re5 38. Rc7 Kg6 39. Qb3 Re6 40. Qe3 Qd5 41. h4 h6 42. Rc5 Qxa2 43.
g4 Re7 44. h5+ Kg7 45. Rf5 Qe6 46. Kh3 a4 47. f3 exf3 48. Qxf3 Qb6 0-1

[Event "Late-Titled-Tuesday-Blitz-March-19-2024"]
[Site "Chess.com"]
[Date "2024.03.19"]
[Round "11"]
[White "chess94cu"]
[Black "KaydenTroffChess"]
[Result "0-1"]
[WhiteElo "2659"]
[BlackElo "2842"]
[TimeControl "180+1"]
[EndTime "16:05:28 PDT"]
[Termination "KaydenTroffChess won on time"]

1. d4 Nf6 2. c4 g6 3. Nc3 d5 4. Nf3 Bg7 5. h4 h6 6. h5 g5 7.
cxd5 Nxd5 8. e4 Nxc3 9. bxc3 c5 10. Be2 b6 11. Rb1 Bb7 12. e5 cxd4 13. cxd4 Nc6 14. Be3 Qd5 15. Rc1 Qxa2 16. O-O O-O 17. Bc4 Qa3 18. Qe2 Na5 19. Bd3 Rac8 20. Nxg5 hxg5 21. Bxg5 Nb3 22. h6 Nxc1 23. Bxc1 Qxc1 24. hxg7 Qg5 25. gxf8=Q+ Kxf8 26. Be4 Bxe4 27. Qxe4 Rc1 28. g3 a5 29. Kg2 Rxf1 30. Kxf1 Kg7 31. Kg2 Qg6 32. Qb7 Qe6 33. f4 a4 34. d5 Qf5 35. d6 exd6 36. exd6 a3 37. d7 Qd3 38. Qc7 a2 39. Qe5+ Kh7 40.
Qf6 Qxd7 41. Qh4+ Kg7 42. Qg5+ Kf8 43. Qf6 Qd5+ 44. Kh2 Qe6 45. Qd8+ Kg7 46. Qg5+ Qg6 47. Qe5+ Qf6 48. Qe8 a1=Q 49. Qh8+ Kxh8 0-1

[Event "Late-Titled-Tuesday-Blitz-March-19-2024"]
[Site "Chess.com"]
[Date "2024.03.19"]
[Round "11"]
[White "Jagerrmeisterr"]
[Black "Matrix3x3a"]
[Result "1-0"]
[WhiteElo "2752"]
[BlackElo "2612"]
[TimeControl "180+1"]
[EndTime "16:05:31 PDT"]
[Termination "Jagerrmeisterr won by resignation"]

1. e4 c5 2. Nc3 d6 3. f4 g6 4. Nf3 Bg7 5. Bc4 Nc6 6. a3 e6 7. Ba2 Nge7 8. O-O Rb8 9. d3 b5 10. Qe1 a5 11. f5 exf5 12. Ng5 O-O 13. Qh4 h6 14. Nxf7 Rxf7 15. Bxf7+ Kxf7 16. exf5 gxf5 17. Bxh6 Ng6 18. Qh5 Bd4+ 19. Kh1 Qh4 20. Rxf5+ Bxf5 21. Qxf5+ Bf6 22. Qd5+ Ke7 23. Qxc6 Be5 24. Bg5+ Qxg5 25. Qc7+ Ke6 26. Qxb8 Nf4 27. Qe8+ Kf5 28. Qf7+ Bf6 29. Qh7+ Ke6 30. Qe4+ Be5 31. d4 cxd4 32. Nxb5 d5 33.
Qf3 Nh5 34. Rf1 Nf6 35. Qh3+ Ke7 36. Qf5 Qe3 37. Na7 Kd6 38. Nc8+ Kc7 39. Ne7 Kd6 40.
Ng6 Nd7 41. Nxe5 Nxe5 42. Qf6+ Kc5 43. Qf4 Qe2 44. b4+ Kc4 45. bxa5 Ng4 46. a6 Ne3 47.
Rg1 Qxc2 48. a7 Qa4 49. Qb8 Ng4 50. Rc1+ Kd3 51. a8=Q Qc2 52. Rxc2 Nf2+ 53. Rxf2 1-0

[Event "Late-Titled-Tuesday-Blitz-March-19-2024"]
[Site "Chess.com"]
[Date "2024.03.19"]
[Round "11"]
[White "azikom"]
[Black "Narek_Ghimoyan"]
[Result "1-0"]
[WhiteElo "2604"]
[BlackElo "2475"]
[TimeControl "180+1"]
[EndTime "16:05:32 PDT"]
[Termination "azikom won by resignation"]

1. c4 e6 2. Nc3 d5 3. e3 Nf6 4.
Nf3 Be7 5. d4 O-O 6. b3 b6 7.
Bb2 Bb7 8. Bd3 c5 9. cxd5 Nxd5 10. O-O Nxc3 11. Bxc3 cxd4 12. Nxd4 Bf6 13. Qh5 g6 14. Qe2 Nc6 15. Nxc6 Bxc6 16. Rac1 Bxc3 17. Rxc3 Rc8 18. Rd1 Qf6 19. Rcc1 Bb7 20. Ba6 Rxc1 21. Rxc1 Bxa6 22.
Qxa6 Qb2 23. Re1 Qd2 24. Rf1 Qd7 25. h4 h5 26. Rc1 Qd2 27. Rc7 Qe1+ 28. Qf1 Qa5 29.
a4 Rd8 30. g3 Qb4 31. Qc4 Rd1+ 32. Kg2 Qe1 33. Rc8+ Kh7 34. Kf3 Qh1+ 35. Kf4 Rd5 36. e4 e5+ 37. Ke3 Rd7 38. Rc7 Qe1+ 39. Kf3 Qh1+ 40.
Ke3 Rxc7 41. Qxc7 Qe1+ 42. Kf3 Qh1+ 43. Ke3 Qe1+ 44. Kf3 Qd1+ 45. Kg2 Qxb3 46. Qxa7 Kg7 47. Qd7 Qxa4 48. Qxa4 1-0

[Event "Late-Titled-Tuesday-Blitz-March-19-2024"]
[Site "Chess.com"]
[Date "2024.03.19"]
[Round "11"]
[White "Sanan_Sjugirov"]
[Black "NikoTheodorou"]
[Result "1-0"]
[WhiteElo "3028"]
[BlackElo "3096"]
[TimeControl "180+1"]
[EndTime "16:05:33 PDT"]
[Termination "Sanan_Sjugirov won by resignation"]

1. e4 e5 2. Nf3 Nc6 3. Bb5 a6 4.
Ba4 f5 5. d3 fxe4 6. dxe4 Nf6 7. O-O d6 8. Qd3 Be7 9. Bb3 Na5 10. Ng5 Nxb3 11. Qxb3 Rf8 12. f4 h6 13. Nf3 Nxe4 14. fxe5 d5 15. Be3 Nc5 16. Bxc5 Bxc5+ 17. Kh1 c6 18. Nc3 Qb6 19. Na4 Qxb3 20. axb3 Ba7 21.
b4 Bf5 22. Nc5 Bxc5 23. bxc5 Bxc2 24. Nd4 Bd3 25. Rxf8+ Kxf8 26. Ra3 Be4 27. Rb3 Re8 28. Rxb7 Rxe5 29. Kg1 Bd3 30. Nxc6 Rf5 31. h3 Rf1+ 32.
Kh2 Be4 33. Kg3 g5 34. Nd4 Rg1 35. Kg4 Rxg2+ 36. Kh5 g4 37. h4 g3 38. c6 Rg1 39.
c7 Rc1 40. Rb8+ Kf7 41. c8=Q Rxc8 42. Rxc8 g2 43. Rc1 Kf6 44. Kg4 Ke5 45. Nf3+ Kf6 46. Kg3 Kf5 47. Nd2 Bd3 48. Kxg2 Kf4 49. Kf2 d4 50. Rc6 h5 51. Rd6 Ke5 52. Rh6 Kf4 53.
Rxh5 Kg4 54. Rh8 a5 55. h5 Kg5 56. h6 Kg6 57. Nf3 1-0

[Event "Late-Titled-Tuesday-Blitz-March-19-2024"]
[Site "Chess.com"]
[Date "2024.03.19"]
[Round "11"]
[White "ArmanGhevondyanchess"]
[Black "MetiForce"]
[Result "0-1"]
[WhiteElo "2626"]
[BlackElo "2919"]
[TimeControl "180+1"]
[EndTime "16:05:36 PDT"]
[Termination "MetiForce won on time"]

1. Nf3 g6 2. d4 Bg7 3. g3 d5 4. Bg2 e6 5. O-O Ne7 6. b3 O-O 7. Bb2 a5 8. c4 a4 9. Nbd2 a3 10.
Bc3 c5 11. e3 Nbc6 12. Rc1 Nf5 13. cxd5 exd5 14. dxc5 Bxc3 15. Rxc3 Nb4 16. Qb1 d4 17.
exd4 Nxd4 18. Rc4 Bf5 19. Rxd4 Bxb1 20. Rxd8 Rfxd8 21. Rxb1 Nxa2 22. Ra1 Nb4 23. Nc4 a2 24. Ne1 Re8 25. Bxb7 Rxe1+ 26. Rxe1 a1=Q 27. Rxa1 Rxa1+ 28. Kg2 Rb1 29. c6 Nd5 30. Nd2 Rb2 31. Ne4 Kf8 32.
Nf6 Nc7 33. Nd7+ Ke7 34. Nc5 f5 35. h4 Kd6 36. Nd7 Rxb3 37. Nf8 Ke5 38. Nxh7 f4 39.
gxf4+ Kxf4 40. Nf8 Kf5 41. Nd7 Kg4 42. Ne5+ Kh5 43.
f3 Rb5 44. Nd7 Kxh4 45. Nf8 Rb2+ 46. Kf1 g5 47. Ng6+ Kg3 48. Ke1 Kxf3 49. Ne5+ Kg2 50. Nc4 Rb3 51. Nd2 Re3+ 52. Kd1 g4 53. Nc4 Re8 54. Kc2 Kf2 55. Nd6 Re2+ 56. Kd3 g3 0-1

[Event "Late-Titled-Tuesday-Blitz-March-19-2024"]
[Site "Chess.com"]
[Date "2024.03.19"]
[Round "11"]
[White "Vladimir_Zakhartsov"]
[Black "AlexeiShirov"]
[Result "1-0"]
[WhiteElo "2993"]
[BlackElo "2857"]
[TimeControl "180+1"]
[EndTime "16:05:37 PDT"]
[Termination "Vladimir_Zakhartsov won by resignation"]

1. e4 e5 2. Nf3 Nc6 3. Nc3 Nf6 4. a3 d5 5. Bb5 Nxe4 6. Qe2 Nxc3 7. Qxe5+ Be7 8.
Qxc3 O-O 9. Bxc6 Bf6 10. d4 bxc6 11. O-O Qd6 12. Re1 Bf5 13. Ne5 Bxe5 14. Rxe5 Qg6 15.
Bd2 Rae8 16. Rae1 Be4 17. Rg5 Qf6 18. f3 Bf5 19. Re5 Rxe5 20. dxe5 Qe6 21. Rg3 Re8 22. Be3 a6 23. Bd4 h6 24. b4 Kh7 25. Qd2 g5 26. h3 Rg8 27. Kh2 Qg6 28. c3 Be6 29.
Qe3 Qc2 30. Qf2 Qxf2 31. Bxf2 h5 32. h4 gxh4 33. Rxg8 Kxg8 34. Bxh4 c5 35. bxc5 c6 36. Kg3 Bf5 37. Kf4 Bd3 38. Kg5 Bf1 39. g3 Be2 40. f4 Kf8 41. Kf6 Bg4 42. f5 Ke8 43. Bg5 Bh3 44. e6 fxe6 45. fxe6 Bf1 46. Ke5 Bb5 47. Kd6 a5 48. Kc7 a4 49. Bh4 d4 50.
cxd4 Bc4 51. Kxc6 Bxe6 52. d5 Bg4 53. Kc7 1-0

[Event "Late-Titled-Tuesday-Blitz-March-19-2024"]
[Site "Chess.com"]
[Date "2024.03.19"]
[Round "11"]
[White "Piriflillo"]
[Black "Willhaven3"]
[Result "1-0"]
[WhiteElo "2392"]
[BlackElo "2475"]
[TimeControl "180+1"]
[EndTime "16:05:38 PDT"]
[Termination "Piriflillo won by checkmate"]

1. Nf3 f5 2. d3 Nf6 3. e4 d6 4.
exf5 Bxf5 5. d4 Nc6 6. d5 Nb4 7.
Nd4 Qd7 8. c4 c5 9. dxc6 bxc6 10. a3 Na6 11. Nc3 Bg6 12. Bd3 e5 13. Bxg6+ hxg6 14. Nf3 Qg4 15. h3 Qxc4 16. Be3 Be7 17. Nd2 Qd3 18.
Nde4 Qxd1+ 19. Rxd1 d5 20. Nxf6+ gxf6 21. Bd2 Nc5 22. O-O d4 23. Na2 Nd7 24. Rfe1 Kf7 25. f4 Bd6 26. fxe5 fxe5 27. Nc1 c5 28. Ne2 e4 29. b4 Rhe8 30. Bf4 Bxf4 31. Nxf4 Rad8 32.
bxc5 Nxc5 33. Rc1 Re5 34. Rf1 Kg7 35. Rxc5 Rxc5 36. Ne6+ Kh6 37. Nxc5 Rd5 38. Nxe4 d3 39. Rd1 Rd4 40. Nf2 d2 41. Kf1 Ra4 42. Rxd2 Rxa3 43. Rd3 Ra2 44. Re3 a5 45. Ng4+ Kg5 46. g3 Kh5 47. Re5+ g5 48. Re6 Ra1+ 49. Ke2 Ra2+ 50. Kd1 Ra1+ 51. Kc2 Ra2+ 52. Kb1 Ra1+ 53. Kxa1 a4 54.
Rh6# 1-0

[Event "Late-Titled-Tuesday-Blitz-March-19-2024"]
[Site "Chess.com"]
[Date "2024.03.19"]
[Round "11"]
[White "secretsuperstar7"]
[Black "Arlo2024"]
[Result "1-0"]
[WhiteElo "2487"]
[BlackElo "2329"]
[TimeControl "180+1"]
[EndTime "16:05:41 PDT"]
[Termination "secretsuperstar7 won on time"]

1. c4 c5 2. Nc3 Nc6 3. g3 g6 4. Bg2 Bg7 5. Nf3 Nf6 6. O-O O-O 7. d4 Nxd4 8. Nxd4 cxd4 9. Qxd4 d6 10. e4 Be6 11.
Qd3 Nd7 12. Be3 Ne5 13. Qd1 Bxc4 14. Re1 Nd3 15. Bf1 Nxb2 16. Qc2 Bxf1 17. Rxf1 Rc8 18.
Qxb2 Bxc3 19. Qxb7 Bxa1 20. Rxa1 Qc7 21. Qxa7 Qxa7 22. Bxa7 Rc2 23. a4 Rc4 24. a5 Rxe4 25.
a6 Rc8 26. Bb6 Rcc4 27. a7 Ra4 28. a8=Q+ Rxa8 29. Rxa8+ Kg7 30. Be3 d5 31. Rd8 e6 32.
Kf1 h6 33. Ke2 g5 34. Kd3 Ra4 35. Bd4+ Kg6 36. Rd7 g4 37. Be3 h5 38. Rd8 Ra1 39.
Rg8+ Kh7 40. Rg5 Ra3+ 41. Kd4 Ra4+ 42. Kd3 Ra3+ 43. Ke2 f6 44. Rxh5+ Kg6 45. Rh6+ Kg7 46. Rh4 f5 47. h3 gxh3 48. Rxh3 e5 49. Rh5 Kg6 50. Rh6+ Kg7 51. Re6 d4 52. Bd2 e4 53.
Rd6 d3+ 54. Ke3 Ra2 55. Bc3+ Kf7 56. Rf6+ Ke7 57. Rxf5 Re2+ 58. Kd4 d2 59. Bxd2 Rxd2+ 60. Kxe4 Ra2 61. Kf3 Ke6 62. Rb5 Ra3+ 63. Kg4 Ra4+ 64. f4 Kf6 65. Rb6+ Kg7 66. Kg5 Ra5+ 67. f5 Ra3 68. g4 1-0

[Event "Late-Titled-Tuesday-Blitz-March-19-2024"]
[Site "Chess.com"]
[Date "2024.03.19"]
[Round "11"]
[White "miraitrunks"]
[Black "tylityli"]
[Result "0-1"]
[WhiteElo "2185"]
[BlackElo "2323"]
[TimeControl "180+1"]
[EndTime "16:05:41 PDT"]
[Termination "tylityli won on time"]

1. e4 e5 2. Nf3 Nc6 3. d4 exd4 4.
Nxd4 Bb4+ 5. c3 Bc5 6. Be3 Bb6 7. Bc4 Nf6 8. Nd2 d5 9. exd5 Nxd5 10. Qf3 Nxd4 11.
Bxd4 Nf6 12. Bxf6 Qxf6 13. Qxf6 gxf6 14. Ne4 Ke7 15. O-O Be6 16. Bxe6 fxe6 17. Rae1 Rad8 18. Re2 Rhe8 19. Rfe1 Kf7 20. g3 h6 21. Kg2 Rd3 22.
Nd2 Bc5 23. Nb3 Bb6 24. a4 a6 25. Re4 Rd5 26. Rh4 h5 27. Rc4 Kg6 28. a5 Bxa5 29.
Nxa5 Rxa5 30. Rxc7 Rb5 31. b4 e5 32. Rd1 e4 33. Rdd7 e3 34. fxe3 Rxe3 35. Rxb7 Rxb7 36.
Rxb7 Rxc3 37. Rb6 Rc4 38. Kf3 Kf5 39. Ke3 h4 40. Kd3 Rg4 41. gxh4 Rxh4 42. Kc3 Rxh2 43. Rxa6 Ke5 44. b5 f5 45. b6 Rh8 46. Kc4 Rb8 47.
Kc5 Ke4 48. Ra4+ Ke3 49. Rh4 f4 50. Rh3+ f3 51. Kc6 Ke2 52. b7 f2 0-1

[Event "Late-Titled-Tuesday-Blitz-March-19-2024"]
[Site "Chess.com"]
[Date "2024.03.19"]
[Round "11"]
[White "zverr1"]
[Black "Charodej1"]
[Result "1-0"]
[WhiteElo "2535"]
[BlackElo "2382"]
[TimeControl "180+1"]
[EndTime "16:05:45 PDT"]
[Termination "zverr1 won by resignation"]

1. e4 c6 2. d4 d5 3. Nc3 dxe4 4. Nxe4 Nd7 5. Qe2 e6 6. Nf3 Ngf6 7. Bg5 Be7 8. Bxf6 Nxf6 9. O-O-O Qc7 10. Kb1 b6 11.
Nxf6+ Bxf6 12. g4 a5 13. g5 Be7 14. h4 a4 15. Bg2 Ba6 16. Qe5 O-O-O 17. Qxg7 Bd6 18. Ne5 Bxe5 19. Qxe5 h6 20. f4 Bc4 21. b3 axb3 22. axb3 Bd5 23. Bxd5 cxd5 24. Kb2 Kb7 25. Qxc7+ Kxc7 26. Ra1 Kb7 27. Kc3 Rc8+ 28. Kd3 Rcg8 29.
c4 Rd8 30. Ke3 dxc4 31. bxc4 Rc8 32. Rac1 Kc6 33. Ke4 Kd6 34. f5 exf5+ 35. Kxf5 hxg5 36. Kxg5 Rcg8+ 37. Kf4 Rh5 38. Rb1 Kc6 39. Rbf1 f5 40. Ke3 Rg4 41. Rf4 Rg3+ 42. Kf2 Rc3 43. Rd1 Kd6 44. d5 Rc2+ 45. Ke3 Rc3+ 46. Kd4 Rh3 47. Re1 R3xh4 48. Re6+ Kd7 49. Rxh4 Rxh4+ 50. Kc3 Kc7 51. Rf6 Rf4 52. Kb4 Rf2 53. Rf7+ Kd6 54. Rf6+ Kc7 55.
Rc6+ Kb7 56. Kc3 f4 57. Rf6 Kc7 58. Kd4 Rd2+ 59. Ke5 Rc2 60. Rxf4 Re2+ 61. Re4 Rc2 62. Kd4 b5 63. c5 b4 64. Re7+ Kd8 65. Rb7 Rd2+ 66. Ke5 Re2+ 67. Kd6 Kc8 68. Rxb4 1-0

[Event "Late-Titled-Tuesday-Blitz-March-19-2024"]
[Site "Chess.com"]
[Date "2024.03.19"]
[Round "11"]
[White "KNVB"]
[Black "newyorkmouse"]
[Result "1-0"]
[WhiteElo "2809"]
[BlackElo "2678"]
[TimeControl "180+1"]
[EndTime "16:05:46 PDT"]
[Termination "KNVB won by resignation"]

1. e4 c6 2. Nf3 d5 3. Nc3 dxe4 4. Nxe4 Nf6 5. Qe2 Na6 6. Nxf6+ gxf6 7. g3 Bf5 8. d3 Qd7 9. h3 O-O-O 10. Bg2 Kb8 11. a3 e5 12. Be3 Nc5 13. Nd2 h5 14. Ne4 Nxe4 15. dxe4 Be6 16. Rd1 Qxd1+ 17. Qxd1 Rxd1+ 18. Kxd1 Be7 19. h4 Rd8+ 20. Kc1 Bg4 21. Re1 Kc7 22. Bf1 Bf3 23. Be2 Bxe2 24. Rxe2 b6 25. Rd2 Rxd2 26. Kxd2 Kd6 27. f3 Ke6 28. g4 hxg4 29.
fxg4 Bf8 30. h5 Bg7 31. a4 c5 32. Kd3 Kd6 33. c3 a6 34. a5 b5 35. c4 b4 36. Ke2 Bh8 37. Kf3 Kc6 38. b3 Kd6 39.
Kg3 Kc6 40. Kh4 Kd6 41. g5 Kc6 42. Kg4 Kd6 43. Kf5 fxg5 44. Bxg5 Bg7 45. Bf6 Bh6 46. Bxe5+ Ke7 47. Bf4 Bg7 48. Bg5+ Kd6 49. e5+ Bxe5 50. Bf6 Bg3 51. h6 Kc6 52. h7 Kb7 53. h8=Q Bc7 54.
Qe8 Bb8 55. Qxf7+ Bc7 56. Qd5+ Kb8 57. Qxc5 Kb7 58. Qxb4+ Ka8 59. Qc5 Kb7 60. Qd5+ Kb8 61. Qc6 Ka7 62. Qxc7+ Ka8 63. Qd7 Kb8 64. Bb2 Ka8 65.
Ke5 Kb8 66. Kd5 Ka8 67. Kc6 Kb8 68. Kb6 Ka8 69. Kxa6 Kb8 70. Kb5 1-0

[Event "Late-Titled-Tuesday-Blitz-March-19-2024"]
[Site "Chess.com"]
[Date "2024.03.19"]
[Round "11"]
[White "Romkachess"]
[Black "Sinquefield"]
[Result "1-0"]
[WhiteElo "2704"]
[BlackElo "2546"]
[TimeControl "180+1"]
[EndTime "16:05:46 PDT"]
[Termination "Romkachess won on time"]

1. e4 e6 2. d4 d5 3. Nc3 Nf6 4. Bg5 Be7 5. e5 Nfd7 6. Bxe7 Qxe7 7. f4 a6 8. Nf3 c5 9. dxc5 Nxc5 10. Qd2 Nc6 11.
Bd3 b5 12. O-O Bb7 13. Rae1 Na5 14. f5 Nc4 15. Bxc4 dxc4 16. f6 gxf6 17. exf6 Qd7 18.
Qh6 O-O-O 19. Qe3 Qc7 20. Ne5 Rhg8 21. Rf2 b4 22. Nxf7 Rdf8 23. Nh6 Rg6 24. Na4 Ne4 25. Nb6+ Kb8 26. Ree2 Nxf2 27. Rxf2 Rgxf6 28. Ng4 Rxf2 29. Nxf2 Rf6 30. h3 Qc6 31. Nd7+ Qxd7 32. Qe5+ Ka7 33. Qxf6 Qd5 34. Qg7 h5 35. h4 a5 36. Qg3 a4 37.
Qe3+ Ka6 38. Qg5 b3 39. cxb3 a3 40. bxa3 c3 41. Qxd5 Bxd5 42. Nd3 Be4 43. Nc1 Kb5 44. Kf2 Kc5 45. Ke3 Bxg2 46. Kd3 Kd5 47. Kxc3 Ke5 48. a4 Kf4 49. Nd3+ Kg4 50. Nc5 e5 51. Kd3 Kxh4 52. Ke3 Kg3 53. Nd7 h4 54. Nxe5 h3 55.
Nd3 Bf1 56. Nf2 h2 57. b4 Kh4 58. b5 Kg5 59. b6 Ba6 60. Kf3 1-0

[Event "Late-Titled-Tuesday-Blitz-March-19-2024"]
[Site "Chess.com"]
[Date "2024.03.19"]
[Round "11"]
[White "Eloist"]
[Black "karinachess1"]
[Result "0-1"]
[WhiteElo "2500"]
[BlackElo "2629"]
[TimeControl "180+1"]
[EndTime "16:05:46 PDT"]
[Termination "karinachess1 won on time"]

1. e4 e5 2. Bc4 Nf6 3. d3 c6 4. Nf3 Be7 5. O-O d6 6. Re1 O-O 7. c3 Nbd7 8. Bb3 Nc5 9. Bc2 Bg4 10. h3 Bh5 11. Nbd2 Re8 12. Nf1 Bf8 13. Ng3 Bg6 14. Be3 d5 15. exd5 Qxd5 16. d4 Bxc2 17. Qxc2 e4 18.
Ng5 Nd3 19. Re2 Bd6 20. c4 Qa5 21. N3xe4 Nxe4 22. Nxe4 Rxe4 23. Qxd3 Rae8 24. a3 Qc7 25. Rae1 Qe7 26. b4 Bc7 27. Kf1 Qd7 28. Bd2 Rxe2 29. Rxe2 Rd8 30. Bc3 h5 31. Qe4 Bd6 32. d5 cxd5 33.
Qxd5 Bf8 34. Qxd7 Rxd7 35. Re8 Rd3 36. Be5 f6 37. Bf4 b6 38. Be3 Rxa3 39. c5 Kf7 40. Rb8 bxc5 41. Rb7+ Ke6 42. Rb8 Bd6 43. Rb7 cxb4 44.
Bxa7 Rb3 45. Ke2 g5 46. h4 gxh4 47. Rh7 Rb2+ 48. Ke1 b3 49. Rxh5 Ra2 50. Bd4 Be5 51. Bxe5 fxe5 52. Rh6+ Kd5 53. Rb6 b2 54. Kd1 b1=Q+ 55.
Rxb1 Rxf2 56. Rb4 e4 57. Rb5+ Kd4 58. Rh5 Kd3 0-1

[Event "Late-Titled-Tuesday-Blitz-March-19-2024"]
[Site "Chess.com"]
[Date "2024.03.19"]
[Round "11"]
[White "Hikaru"]
[Black "FabianoCaruana"]
[Result "1/2-1/2"]
[WhiteElo "3259"]
[BlackElo "3096"]
[TimeControl "180+1"]
[EndTime "16:05:48 PDT"]
[Termination "Game drawn by repetition"]

1. e4 c5 2. Nf3 d6 3. Bc4 Nc6 4. d3 g6 5. c3 Bg7 6. Bb3 Nf6 7.
O-O O-O 8. Re1 e5 9. Nbd2 h6 10. Nf1 d5 11. Ng3 Be6 12. Be3 d4 13. cxd4 cxd4 14.
Bd2 Qd6 15. Bxe6 Qxe6 16. b4 Rfc8 17. b5 Nb8 18. Bb4 Nbd7 19. Nd2 a5 20. bxa6 Rxa6 21. a3 Rac6 22. Rb1 b5 23. Qb3 Qxb3 24. Nxb3 Nb6 25.
Na5 Re6 26. Rec1 Ree8 27. Nc6 Kh7 28. Na7 Rxc1+ 29. Rxc1 Bf8 30. Nxb5 Na4 31. Rb1 Bxb4 32. axb4 Rb8 33. Nd6 Nc3 34. Ra1 Kg8 35. h3 Ne8 36. Nxe8 Rxe8 37. Ra5 Rb8 38. Nf1 Rxb4 39. Nd2 Ne2+ 40. Kh2 Nf4 41. Rxe5 Nxd3 42. Re8+ Kg7 43. Kg3 Rb2 44. Nf3 Nxf2 45. Nxd4 Rb4 46. Kxf2 Rxd4 47. Kf3 Rd3+ 48. Kf2 Rd7 49. Kf3 Rd3+ 50. Kf2 Rd7 51. Ra8 Re7 52. Kf3 h5 53. h4 Re6 54. g3 Rf6+ 55.
Ke3 Re6 56. Ra7 Rb6 57. Ra3 Rf6 58. Ke2 Re6 59. Kf3 Rf6+ 60. Ke3 Re6 61. Ra7 Rf6 62.
e5 Rb6 63. Kf4 Rb4+ 64. Kf3 Rb3+ 65. Kf2 Rb2+ 66. Kf3 Rb3+ 67. Kf4 Rb1 68. Kf3 Re1 69. Ra5 Kh6 70. Kf2 Re4 71. Kf3 Re1 72. Ra7 Kg7 73.
Ra5 Kh6 1/2-1/2

[Event "Late-Titled-Tuesday-Blitz-March-19-2024"]
[Site "Chess.com"]
[Date "2024.03.19"]
[Round "11"]
[White "atbenina64"]
[Black "Vaathi_Coming"]
[Result "1-0"]
[WhiteElo "2768"]
[BlackElo "2865"]
[TimeControl "180+1"]
[EndTime "16:05:48 PDT"]
[Termination "atbenina64 won by resignation"]

1. c4 Nf6 2. Nc3 c5 3. Nf3 Nc6 4. g3 g6 5. Bg2 Bg7 6. d4 cxd4 7. Nxd4 O-O 8. O-O d6 9. Nxc6 bxc6 10. Bxc6 Bh3 11.
Bxa8 Qxa8 12. f3 Rc8 13. Qd3 Bxf1 14. Kxf1 Qb7 15. Rb1 Nd7 16. b3 Ne5 17. Qd5 Qd7 18. Bb2 h5 19. Kg2 h4 20. Ne4 h3+ 21. Kg1 Qf5 22. f4 Rc5 23. Qa8+ Rc8 24. Qb7 Nc6 25. Nd2 Qc5+ 26. Kf1 Bxb2 27. Qxc8+ Kg7 28. Rxb2 Qd4 29.
Rc2 Nb4 30. Rc1 Qxd2 31. Re1 Nc2 32. Rb1 Ne3+ 33. Kf2 Qd4 34. Qxh3 Ng4+ 35. Ke1 Qc3+ 36. Kf1 f6 37. Qxg4 Qc2 38. Re1 Qe4 39. Qf3 Qd4 40. Qf2 Qe4 41. Qg2 Qd4 42. e3 Qd3+ 43. Qe2 Qe4 44. Qg2 Qd3+ 45. Kg1 Qc3 46. Qf2 a5 47. e4 Kf7 48. e5 dxe5 49. fxe5 Kg7 50. exf6+ exf6 51. Rf1 f5 52. c5 Kf6 53. Rd1 Kf7 54. Qd4 Qc2 55. Qd5+ Kg7 56. c6 Kh6 57. Qd2+ Qxd2 58. Rxd2 1-0

[Event "Late-Titled-Tuesday-Blitz-March-19-2024"]
[Site "Chess.com"]
[Date "2024.03.19"]
[Round "11"]
[White "GodzillaChessYoutube"]
[Black "subham777"]
[Result "1-0"]
[WhiteElo "2709"]
[BlackElo "2547"]
[TimeControl "180+1"]
[EndTime "16:05:48 PDT"]
[Termination "GodzillaChessYoutube won by checkmate"]

1. Nh3 d5 2. d4 Nf6 3. Nf4 e6 4. e3 Bd6 5. c4 O-O 6. c5 Bxf4 7.
exf4 Ne4 8. g3 f5 9. f3 Nf6 10. Bd3 a5 11. O-O b6 12. cxb6 cxb6 13. Nc3 Nc6 14.
Bb5 Bd7 15. Re1 Re8 16. Be3 Na7 17. Bf1 b5 18. Ne2 Qb6 19. Qd2 Rac8 20. Nc1 b4 21. Nd3 Bb5 22. Nc5 Bxf1 23. Kxf1 Nb5 24. Bf2 Nd6 25. b3 Nb5 26. Re3 Nc3 27. Rae1 Kf7 28. h3 Rxc5 29. dxc5 Qxc5 30. Kg2 Qc6 31. g4 fxg4 32.
hxg4 h6 33. Bh4 Qc5 34. Bxf6 gxf6 35. a4 h5 36. Rh1 hxg4 37. fxg4 d4 38. Rh7+ Kg8 39.
Reh3 Qd5+ 40. Kh2 Qe4 41. Rh8+ Kg7 42. Rxe8 Ne2 43. Reh8 Nxf4 44. R3h7+ Kg6 45. Rd7 Qf3 46. Rxd4 e5 47. Rxf4 exf4 48. Qg2 Qe3 49. Rh3 Qe5 50. Rf3 Kg7 51. Qf2 f5 52. Rxf4 fxg4 53. Kg3 Qc3+ 54. Kxg4 Qxb3 55. Qd4+ Kg8 56. Qd8+ Kh7 57. Qh4+ Kg8 58.
Qg5+ Kh7 59. Qh5+ Kg8 60. Qe8+ Kh7 61. Qe7+ Kg8 62. Rf8# 1-0

[Event "Late-Titled-Tuesday-Blitz-March-19-2024"]
[Site "Chess.com"]
[Date "2024.03.19"]
[Round "11"]
[White "GoltsevDmitry2000"]
[Black "SpeedofLight0"]
[Result "0-1"]
[WhiteElo "2798"]
[BlackElo "3073"]
[TimeControl "180+1"]
[EndTime "16:05:50 PDT"]
[Termination "SpeedofLight0 won by checkmate"]

1. e4 Nc6 2. Nf3 d6 3. Nc3 Nf6 4. Bc4 g6 5. O-O Bg7 6. h3 O-O 7. d4 e5 8. dxe5 Nxe5 9. Nxe5 dxe5 10. Qxd8 Rxd8 11. Be3 c6 12. a4 Bf8 13. Rfd1 Bd7 14. Rd2 b6 15. Rad1 Be7 16. Bg5 Be8 17. Rxd8 Rxd8 18.
Rxd8 Bxd8 19. Kf1 Kg7 20. Ke2 Be7 21. f3 h6 22. Be3 h5 23. a5 b5 24. Bd3 a6 25. Bb6 Bd6 26. Na2 Nd7 27. Be3 f6 28. b4 Bf7 29. c4 bxc4 30. Bc2 c3 31. Nxc3 Bxb4 32. Na4 Bc4+ 33. Bd3 Bxd3+ 34. Kxd3 Bxa5 35. Nb2 Kf7 36. Nc4 Bc7 37. Bd2 Ke6 38. Bb4 Bb6 39. g4 h4 40. Be1 g5 41. Bb4 Bc5 42. Bd2 Nf8 43. Na5 Kd7 44. Kc4 Be7 45. Be3 Ne6 46. Nb3 Bd6 47. Na5 Kc7 48. Nb3 Kd7 49. Na5 Bc7 50.
Nb3 a5 51. Nc1 Bd6 52. Kb3 Bc5 53. Bxc5 Nxc5+ 54. Kc4 Ne6 55. Nb3 a4 56. Nd2 Nf4 57. Kb4 Nxh3 58. Nf1 Ng1 59. Nh2 Kd6 60. Kxa4 Kc5 61.
Ka5 Kd4 62. Kb6 c5 63. Kc6 c4 64. Kd6 c3 65. Ke6 c2 66. Kxf6 c1=Q 67. Kg6 Qf4 68.
Nf1 Nxf3 69. Kh5 h3 70. Kg6 Nh4+ 71. Kh5 Qf7+ 72. Kxg5 Nf3+ 73. Kh6 Qf6+ 74. Kh7 Ng5+ 75. Kg8 Qf7+ 76. Kh8 Qf8# 0-1